 Dungeon Crawl Stone Soup version 0.30.1-4-g462c640d31 (webtiles) character file.

Game seed: 5771160817949160584

409 rvierbuc the Conjurer (level 6, -4/46 HPs)
             Began as a Demigod Conjurer on Aug 21, 2023.
             Slain by an orc
             ... wielding a +0 flail
              (9 damage)
             ... on level 3 of the Dungeon.
             The game lasted 00:12:47 (2209 turns).

rvierbuc the Conjurer (Demigod Conjurer)            Turns: 2209, Time: 00:12:48

Health: -4/46      AC:  2    Str:  8    XL:     6   Next: 31%
Magic:  14/14      EV: 12    Int: 34    God:
Gold:   74         SH:  0    Dex: 12    Spells: 8/11 levels left

rFire   . . .        r - +1 trident (vamp)
rCold   . . .        (no shield)
rNeg    . . .        a - +0 robe
rPois   .            (no helmet)
rElec   .            (no cloak)
rCorr   .            (no gloves)
SInv    .            (no boots)
Will    .....        (no amulet)
Stlth   ++           e - +6 ring of intelligence
HPRegen 0.27/turn    (no ring)
MPRegen 0.14/turn

%: no passive effects
@: no status effects
A: high MP 1, forlorn, divine attributes
a: no special abilities


You were on level 3 of the Dungeon.
You visited 1 branch of the dungeon, and saw 3 of its levels.

You collected 74 gold pieces.

Inventory:

Hand Weapons
 h - a +0 whip
 m - a +0 falchion
 r - a +1 vampiric trident (weapon)
Missiles
 i - 6 boomerangs
Armour
 a - a +0 robe (worn)
Jewellery
 e - a +6 ring of intelligence (left hand)
Wands
 o - a wand of charming (2)
Scrolls
 d - a scroll of silence {unknown}
 f - a scroll of teleportation {unknown}
 g - 2 scrolls of identify {unknown}
 k - a scroll of poison {unknown}
 n - a scroll of fog {unknown}
 p - a scroll of noise {unknown}
 q - a scroll of fear {unknown}
Potions
 b - 3 potions of magic
 c - a potion of lignification {unknown}
 j - a potion of might {unknown}
 l - 2 potions of mutation {unknown}


   Skills:
 + Level 0.5 Fighting
 + Level 2.7 Dodging
 + Level 3.1 Stealth
 - Level 0.1 Unarmed Combat
 + Level 3.3 Spellcasting
 + Level 5.4 Conjurations


You had 8 spell levels left.
You knew the following spells:

 Your Spells              Type           Power      Damage    Failure   Level
a - Magic Dart            Conj           100%       1d8       1%          1
b - Searing Ray           Conj           86%        2d7       1%          2

Your spell library contained the following spells:

 Spells                   Type           Power      Damage    Failure   Level
 Dazzling Flash           Conj/Hex       48%        N/A       5%          3
 Fulminant Prism          Conj/Hex       12%        3d9       17%         4
 Iskenderun's Mystic Bla  Conj/Tloc      24%        2d7       17%         4


Dungeon Overview and Level Annotations

Branches:
Dungeon (3/15)


Innate Abilities, Weirdness & Mutations

You have an increased reservoir of magic. (+10% MP)
You shall have no god before yourself.
Your divine heritage dramatically boosts your attributes as you level up.


Message History

The orc hits you with a +0 flail!
The orc wizard hits you with a +0 dagger.
You hit the orc wizard.
You feel better.
The orc wizard is moderately wounded.
The orc wizard hits you with a +0 dagger.
The orc misses you. The orc wizard misses you. The orc barely misses you.
You puncture the orc wizard!
You feel better.
The orc wizard is almost dead.
The orc barely misses you.
The orc wizard points at you and mumbles some strange words.
The puff of flame misses you.
You closely miss the orc wizard.
The orc wizard is almost dead.
The orc hits you with a +0 flail. The orc wizard closely misses you.
You hit the orc wizard but do no damage.
The orc wizard is almost dead.
The orc wizard hits you but does no damage.
The orc barely misses you. The orc wizard barely misses you.
The orc hits you with a +0 flail.
You closely miss the orc wizard.
The orc wizard is almost dead.
The orc hits you with a +0 flail.
The orc wizard hits you with a +0 dagger.
You barely miss the orc wizard.
The orc wizard is almost dead.
The orc completely misses you. The orc wizard barely misses you.
You closely miss the orc wizard.
The orc wizard is almost dead.
The orc barely misses you.
The orc wizard gestures at you while chanting.
You resist with some effort.
You barely miss the orc wizard.
The orc wizard is almost dead.
The orc wizard hits you with a +0 dagger.
The orc hits you with a +0 flail!
* * * LOW HITPOINT WARNING * * *
The orc wizard hits you with a +0 dagger.
* * * LOW HITPOINT WARNING * * *
The orc hits you with a +0 flail!
You die...

#..........# # #..........# .
.##..........# #.# ..#..<.......#
.. #### .............####.# #....
....<.............#######...# #
...........##..####........###.##
.....###.......###...........#...
.........##.....@o..............#
....####........o#..............#
#...# .....#.########...........
.#######......# #...........
.....# #.^..... #...........
####.>........ ........o...... .#
##...### ###............ .# ...
#............. .# #.#...........


You could see an orc wizard and an orc.

Vanquished Creatures
  Grinder (D:3)
  Jessica (D:2)
  Terence (D:2)
  Natasha (thrice) (D:2)
  2 adders (D:3)
  4 dart slugs
  3 orcs (D:3)
  5 endoplasms
  A giant cockroach (D:2)
  3 goblins
  7 hobgoblins
  7 jackals
  3 kobolds
  2 quokkas
  5 ball pythons
  5 bats
  7 frilled lizards
  A rat (D:1)
61 creatures vanquished.

Notes
Turn   | Place    | Note
-------+----------+-------------------------------------------
     0 | D:1      | rvierbuc the Demigod Conjurer began the quest for the Orb.
     0 | D:1      | Reached XP level 1. HP: 14/14 MP: 5/5
   246 | D:1      | Reached skill level 4 in Conjurations
   288 | D:1      | Reached XP level 2. HP: 14/20 MP: 2/7
   523 | D:1      | Learned a level 2 spell: Searing Ray
   680 | D:1      | Reached XP level 3. HP: 21/26 MP: 0/8
  1318 | D:2      | Noticed Jessica
  1320 | D:2      | Noticed Natasha
  1327 | D:2      | Killed Jessica
  1329 | D:2      | Killed Natasha
  1330 | D:2      | Reached XP level 4. HP: 23/33 MP: 2/9
  1348 | D:2      | Noticed Natasha
  1357 | D:2      | Killed Natasha
  1511 | D:2      | Noticed Terence
  1523 | D:2      | Killed Terence
  1598 | D:2      | Noticed Natasha
  1602 | D:2      | Killed Natasha
  1603 | D:2      | Reached XP level 5. HP: 38/38 MP: 7/11
  1912 | D:3      | Reached skill level 5 in Conjurations
  1978 | D:3      | Noticed Grinder
  1988 | D:3      | Killed Grinder
  1989 | D:3      | Reached XP level 6. HP: 46/46 MP: 6/13
  2209 | D:3      | Slain by an orc

Illustrated notes

Levels and vault maps discovered:
D:1:      erik_arrival_blinker_ship, layout_basic
D:2:      layout_rooms, dreamdust_ecumenical_altar_angels_and_demons,
          uniq_jessica, uniq_natasha, uniq_terence
D:3:      layout_rooms, hangedman_ru_absence, mainiacjoe_overflow_chevrons,
          mainiacjoe_overflow_big_doors, nicolae_gozag_zags_fifth_avenue,
          dk_vineyard_3, st_stairs_6, uniq_grinder

Skill      XL: |  1  2  3  4  5 |
---------------+----------------+-----
Conjurations   | 4 5 |  5.4
Spellcasting   | 2 3 |  3.3
Stealth        | 2 3 |  3.1
Dodging        | 2 |  2.7
Fighting       | |  0.5
Unarmed Combat | |  0.1

Action                     |  1- 3 |  4- 6 || total
---------------------------+-------+-------++-------
  Melee: Unarmed           |     6 |       ||     6
         Whip              |       |     5 ||     5
         Trident           |       |    29 ||    29
   Cast: Magic Dart        |    70 |    25 ||    95
         Searing Ray       |     3 |     8 ||    11
 Armour: Robe              |     6 |     8 ||    14
  Dodge: Dodged            |    14 |    36 ||    50
